 Dungeon Crawl Stone Soup version 0.30-a0-553-g7fabdf1491 (webtiles) character file.

Game seed: 6209964123849676273

12371 PrincessWhatsHerName the Carver (level 11, -2/94 HPs)
             Began as a Yellow Draconian Brigand on Dec 26, 2022.
             Was a High Priest of Okawaru.
             Slain by a red ugly thing (15 damage)
             ... on level 12 of the Dungeon.
             The game lasted 00:19:47 (13601 turns).

PrincessWhatsHerName the Carver (DrBr)             Turns: 13601, Time: 00:19:48

Health: -2/94      AC:  9    Str: 14    XL:     11   Next: 61%
Magic:  17/17      EV: 18    Int: 12    God:    Okawaru [*****.]
Gold:   753        SH:  6    Dex: 16    Spells: 8/10 levels left

rFire   . . .      SeeInvis .    u - +1 long sword (venom)
rCold   . . .      Faith    .    m - +0 buckler
rNeg    . . .      Spirit   .    (body armour unavailable)
rPois   +          Reflect  .    (helmet restricted)
rElec   .          Harm     .    b - +0 cloak
rCorr   +          Rampage  .    (no gloves)
Will    .....                    q - +0 pair of boots
Stlth   +++                      M - amulet of magic regeneration
HPRegen 0.35/turn                P - ring of poison resistance
MPRegen 0.55/turn                E - +4 ring of evasion

@: short of breath
A: spit acid, AC +7, unfitting armour, cold-blooded, acid resistance
a: Breathe Acid, Renounce Religion, Heroism, Finesse, Duel


You were on level 12 of the Dungeon.
You worshipped Okawaru.
Okawaru was extremely pleased with you.
You visited 2 branches of the dungeon, and saw 13 of its levels.

You collected 1096 gold pieces.
You spent 343 gold pieces at shops.


Innate Abilities, Weirdness & Mutations

You can spit globs of acid.
Your golden yellow scales are hard. (AC +7)
You cannot fit into any form of body armour.
You are cold-blooded and may be slowed by cold attacks.
You are resistant to acid. (rCorr)


   Skills:
 + Level 8.0 Fighting
 - Level 2.0(8.1) Short Blades
 * Level 12.2(12.3) Long Blades
 - Level 1.7 Throwing
 + Level 6.2 Dodging
 - Level 3.6 Stealth
 + Level 6.0 Shields
 + Level 8.8 Invocations


You had 8 spell levels left.
You knew the following spells:

 Your Spells              Type           Power      Damage    Failure   Level
b - Blink                 Tloc           0%         N/A       54%         2

Your spell library contained the following spells:

 Spells                   Type           Power      Damage    Failure   Level
 Necrotise                Necr           0%         1d4       38%         1
 Momentum Strike          Conj/Tloc      0%         3d8       54%         2
 Gell's Gravitas          Tloc           0%         N/A       77%         3
 Lesser Beckoning         Tloc           0%         N/A       77%         3
 Portal Projectile        Hex/Tloc       0%         N/A       77%         3
 Teleport Other           Tloc           0%         N/A       77%         3
 Vampiric Draining        Necr           0%         2d6       77%         3
 Leda's Liquefaction      Hex/Erth       0%         N/A       99%         4
 Agony                    Necr           0%         N/A       100%        5
 Conjure Ball Lightning   Conj/Air       0%         3x3d7     100%        6
 Dispersal                Tloc           0%         N/A       100%        6
 Discord                  Hex            0%         N/A       100%        8
 Disjunction              Tloc           0%         N/A       100%        8
 Call Canine Familiar     Summ           Unusable   N/A       N/A         3

Inventory:

Hand Weapons
 a - a +2 dagger
 u - a +1 long sword of venom (weapon)
   (You took it off an orc on level 3 of the Dungeon)
Missiles
 c - 39 poisoned darts (quivered)
 d - 4 curare-tipped darts {=f}
 J - 2 throwing nets {=f!f}
Armour
 b - a +0 cloak (worn)
 m - a +0 buckler (worn)
   (You found it on level 4 of the Dungeon)
 q - a +0 pair of boots (worn)
   (You found it on level 3 of the Dungeon)
Jewellery
 x - a ring of willpower
   (You found it on level 4 of the Dungeon)
 C - a ring of ice
   (You found it on level 6 of the Dungeon)
 E - a +4 ring of evasion (right hand)
   (You found it on level 1 of the Dungeon)
 F - a ring of fire
   (You found it on level 7 of the Dungeon)
 I - a +6 ring of intelligence
   (You found it on level 6 of the Dungeon)
 M - an amulet of magic regeneration (around neck)
   (You found it on level 9 of the Dungeon)
 N - a ring of positive energy
   (You found it on level 1 of the Dungeon)
 P - a ring of poison resistance (left hand)
   (You found it on level 6 of the Dungeon)
 S - a +6 ring of strength
   (You found it on level 1 of the Dungeon)
Wands
 U - a wand of flame (9)
   (You found it on level 9 of the Dungeon)
 V - a wand of mindburst (5)
   (You took it off Maurice on level 11 of the Dungeon)
Scrolls
 e - 9 scrolls of teleportation {@r4}
 f - 4 scrolls of immolation {unknown}
 g - a scroll of fear
 h - a scroll of fog {unknown}
 j - 2 scrolls of silence {unknown}
 t - 4 scrolls of blinking {unknown}
 v - a scroll of enchant weapon {unknown}
 y - a scroll of noise {!r}
 z - a scroll of amnesia
 A - a scroll of magic mapping {unknown}
 B - a scroll of poison {!r}
 G - a scroll of brand weapon
 K - a scroll of torment {unknown}
 L - a scroll of vulnerability {unknown}
 O - a scroll of acquirement {unknown}
 R - a scroll of enchant armour {unknown}
 W - 3 scrolls of identify {@r1}
Potions
 i - 2 potions of resistance {unknown}
 k - a potion of magic {unknown}
 l - 3 potions of curing {@q1}
 n - 3 potions of mutation {!q}
 o - 2 potions of attraction {unknown}
 p - 5 potions of degeneration {!q}
 r - 3 potions of haste {@q3}
 s - 2 potions of flight {unknown}
 w - 3 potions of brilliance
 D - 2 potions of berserk rage {unknown}
 H - a potion of might {unknown}
 Q - a potion of lignification {unknown}
Miscellaneous
 T - a lightning rod (inert)
   (You found it on level 9 of the Dungeon)

Dungeon Overview and Level Annotations

Branches:
Dungeon (12/15)            Temple (1/1) D:4            Lair (0/5) D:11
    Orc: D:9-12

Altars:
Ashenzari
Cheibriados
Dithmenos
Elyvilon
Fedhas
Gozag
Hepliaklqana
Kikubaaqudgha
Makhleb
Nemelex Xobeh
Okawaru
Qazlal
Ru
Sif Muna
Trog
Uskayaw
Vehumet
Wu Jian
Xom
Yredelemnul
Zin
The Shining One

Shops:
D:1 =   D:6 *   D:8 [**?   D:11 =

Annotations:
D:5 3 runed translucent doors, Borgoz's ghost, novice GrBe

####..###..##..######
....................
...###.#[#...####
##.##.###.#..# ##....##
##...# #. #.###.# ##..#
#..##. #.## ##..##
#>....###..###.#.##
#.....u@....#.#...#####
#..........#.#.......>.
#..####.##.###....####
#.. #.##.###.###.# #..#
#.##.##.## #..
##...###........## ###
#. #..##.........#
#.###...).#.....#.#
#..#..###...#######


You could see a red ugly thing (extremely poisoned).


Message History

You see here a +0 robe.
A black mamba comes into view.
The helpless black mamba fails to defend itself.
You slice the black mamba!! You tail-slap the black mamba.
The black mamba changes into a cane toad!
You hit the cane toad but do no damage.
You tail-slap the cane toad, but do no damage.
The cane toad stings you!
You slash the cane toad!
The cane toad looks as sick as possible!
The cane toad closely misses you.
You barely miss the cane toad. The cane toad stings you!
You are too injured to fight recklessly!
You are too injured to fight recklessly!
You are too injured to fight recklessly!
You are too injured to fight recklessly!
You are too injured to fight recklessly!
You are too injured to fight recklessly!
You are too injured to fight recklessly!
You are too injured to fight recklessly!
You are too injured to fight recklessly!
You are too injured to fight recklessly!
You are too injured to fight recklessly!
You are too injured to fight recklessly!
Unknown command.
Press: ? - help, Shift-Dir - straight line, f - cane toad
Aim: a cane toad shaped shifter (heavily wounded, extremely poisoned, 69% to hit)
You spit a glob of acid.
The glob of acid hits the cane toad!
The cane toad misses you.
You are too injured to fight recklessly!
Unknown command.
You slash the cane toad!
You kill the cane toad!
Okawaru accepts your kill.
You start resting.
You have got your breath back.
A red ugly thing comes into view.
Found a stone staircase leading down.
The red ugly thing gurgles horribly!
You block the red ugly thing's attack.
You hit the red ugly thing.
The red ugly thing is poisoned.
Your tail-slap misses the red ugly thing.
The red ugly thing bites you but does no damage.
Press: ? - help, Shift-Dir - straight line, f - red ugly thing
Aim: a red ugly thing (lightly wounded, very poisoned, 64% to hit)
You spit a glob of acid.
The glob of acid misses the red ugly thing.
The red ugly thing bites you!
You are engulfed in flames!
You slash the red ugly thing!
The red ugly thing looks as sick as possible!
The red ugly thing completely misses you.
You hit the red ugly thing.
You tail-slap the red ugly thing, but do no damage.
The red ugly thing misses you.
You hit the red ugly thing.
The red ugly thing looks as sick as possible!
You tail-slap the red ugly thing, but do no damage.
The red ugly thing misses you.
You barely miss the red ugly thing.
Your tail-slap misses the red ugly thing.
You closely miss the red ugly thing.
The red ugly thing bites you but does no damage.
You hit the red ugly thing but do no damage.
The red ugly thing looks as sick as possible!
The red ugly thing bites you but does no damage.
You barely miss the red ugly thing.
You tail-slap the red ugly thing, but do no damage.
The red ugly thing bites you!
You are engulfed in flames!
You are too injured to fight recklessly!
You are too injured to fight recklessly!
You are too injured to fight recklessly!
You are too injured to fight recklessly!
You are too injured to fight recklessly!
You are too injured to fight recklessly!
You are too injured to fight recklessly!
You are too injured to fight recklessly!
You are too injured to fight recklessly!
You are too injured to fight recklessly!
You are too injured to fight recklessly!
You are too injured to fight recklessly!
You are too injured to fight recklessly!
You are too injured to fight recklessly!
You are too injured to fight recklessly!
Unknown command.
You slash the red ugly thing!
The red ugly thing looks as sick as possible!
The red ugly thing bites you.
You are engulfed in flames!
* * * LOW HITPOINT WARNING * * *
You closely miss the red ugly thing.
Unknown command.
You barely miss the red ugly thing. You tail-slap the red ugly thing.
The red ugly thing bites you!
* * * LOW HITPOINT WARNING * * *
You are engulfed in flames!
* * * LOW HITPOINT WARNING * * *
Unknown command.
You feel better. The red ugly thing bites you!
* * * LOW HITPOINT WARNING * * *
You are engulfed in flames!
You die...

Skill      XL: |  1  2  3  4  5  6  7  8  9 10 11 |
---------------+----------------------------------+-----
Dodging        | 1 2 3 4 5 6 |  6.2
Fighting       | 3 4 5 7 8 |  8.0
Long Blades    | 1 2 3 5 6 8 10 11 12 | 12.2
Invocations    | 2 4 6 7 8 |  8.8
Shields        | 3 5 6 |  6.0
Short Blades   | |  2.0
Throwing       | |  1.7
Stealth        | |  3.6

Action                   |  1- 3 |  4- 6 |  7- 9 | 10-12 || total
-------------------------+-------+-------+-------+-------++-------
Melee: Dagger            |   113 |    57 |       |       ||   170
       Tailslap          |    13 |    19 |    36 |    57 ||   125
       Punch             |     1 |       |     1 |       ||     2
       Long sword        |       |    48 |   294 |   404 ||   746
Throw: Dart              |       |     5 |       |     4 ||     9
Invok: Heroism           |       |       |       |     1 ||     1
 Abil: Breathe Acid      |       |       |    11 |    26 ||    37
Evoke: Wand              |       |       |     5 |     3 ||     8
       Lightning rod     |       |       |       |     5 ||     5
  Use: Scroll            |       |       |     7 |     3 ||    10
       Potion            |       |       |     3 |     4 ||     7
 Stab: Sleeping          |     8 |     3 |    10 |     2 ||    23
       Distracted        |       |     1 |     1 |       ||     2
Armor: Skin              |    43 |    39 |   115 |   116 ||   313
Dodge: Dodged            |    74 |    62 |   283 |   379 ||   798
Block: Buckler           |       |       |    42 |    99 ||   141

Levels and vault maps discovered:
D:1:      amcnicky_arrival_flooded_fountain, layout_rooms, serial_shops,
          nicolae_shop_statue_plus
D:2:      layout_basic, basic_altar, uniq_terence
D:3:      layout_loops_ring, dreamdust_ecumenical_altar_statues
D:4:      layout_cave_pods, temple_pool_b, uniq_edmund
D:5:      layout_cave_pods, gammafunk_temple_overflow_elements,
          ebering_ghost_rock_garden, nicolae_grassy_gnolls
D:6:      layout_gridville, grunt_temple_overflow_open, serial_shops,
          kennysheep_little_box
D:7:      layout_loops_corners
D:8:      kennysheep_blocky_room, layout_cave_pools, lemuel_crystal_altar,
          kennysheep_mini_moat, serial_shops, nicolae_shop_hallway_stairs,
          kennysheep_mini, shop, nicolae_shop_hallway_stairs
D:9:      layout_gridville, makhleb_altar_promises_db
D:10:     layout_layer_cave, uniq_lodul
D:11:     layout_basic, lair_entry_dummy, serial_shops,
          nicolae_shop_advertising_works [nicolae_subvault_shop_adworks],
          uniq_maurice, uniq_fannar
D:12:     kennysheep_six_static_rooms, layout_loops_ring, erik_orc_1,
          serial_shops, nicolae_shop_bloodbath_and_beyond,
          amcnicky_mini_rare_corridor_liquid
Temple:   jpeg_temple_island

Notes
Turn   | Place    | Note
-------+----------+-------------------------------------------
     0 | D:1      | PrincessWhatsHerName the Draconian Brigand began the quest
                  | for the Orb.
     0 | D:1      | Reached XP level 1. HP: 17/17 MP: 1/1
    18 | D:1      | Reached skill level 1 in Dodging
    61 | D:1      | Found Utuririy's Jewellery Shop.
   153 | D:1      | Reached XP level 2. HP: 25/25 MP: 2/2
   317 | D:1      | Reached skill level 3 in Fighting
   325 | D:1      | You pick up a book of Spatial Translocations and begin
                  | reading...
   325 | D:1      | You add the spells Blink, Momentum Strike and Lesser
                  | Beckoning to your library.
   562 | D:2      | Noticed Terence
   567 | D:2      | Killed Terence
   568 | D:2      | Reached skill level 1 in Long Blades
   568 | D:2      | Reached skill level 2 in Dodging
   568 | D:2      | Reached XP level 3. HP: 30/31 MP: 3/3
   654 | D:2      | You pick up a book of Necromancy and begin reading...
   654 | D:2      | You add the spells Necrotise, Vampiric Draining and Agony
                  | to your library.
   660 | D:2      | Learned a level 2 spell: Blink
   698 | D:2      | You pick up a book of Chaos and begin reading...
   698 | D:2      | You add the spells Conjure Ball Lightning, Disjunction and
                  | Discord to your library.
  1118 | D:2      | Found a radiant altar of Vehumet.
  1358 | D:3      | Reached XP level 4. HP: 37/38 MP: 4/4
  1512 | D:3      | Reached skill level 2 in Long Blades
  1853 | D:3      | Reached XP level 5. HP: 35/46 MP: 5/5
  1951 | D:3      | Found a faded altar of an unknown god.
  2068 | D:4      | Noticed Edmund
  2085 | D:4      | Killed Edmund
  2086 | D:4      | Reached skill level 4 in Fighting
  2086 | D:4      | Reached skill level 3 in Long Blades
  2212 | D:4      | Found a staircase to the Ecumenical Temple.
  2233 | Temple   | Entered the Ecumenical Temple
  2354 | Temple   | Became a worshipper of Warmaster Okawaru
  2554 | D:4      | You pick up a book of the Hunter and begin reading...
  2554 | D:4      | You add the spells Portal Projectile and Leda's
                  | Liquefaction to your library.
  2585 | D:4      | Reached XP level 6. HP: 52/52 MP: 6/6
  2697 | D:4      | You fall into a shaft and drop 2 floors!
  2700 | D:6      | Found a stormy altar of Qazlal.
  2717 | D:6      | Reached skill level 4 in Long Blades
  2717 | D:6      | Reached skill level 1 in Invocations
  2818 | D:6      | Reached skill level 5 in Long Blades
  2818 | D:6      | Reached skill level 2 in Invocations
  2818 | D:6      | Your scales start taking on a golden yellow colour.
  2818 | D:6      | Reached XP level 7. HP: 40/59 MP: 8/8
  2818 | D:6      | Gained mutation: You are resistant to acid. (rCorr) [Yellow
                  | Draconian growth]
  2892 | D:5      | Entered Level 5 of the Dungeon
  2919 | D:5      | Found an ornate altar of the Wu Jian Council.
  2919 | D:5      | Found a shadowy altar of Dithmenos.
  3037 | D:5      | Reached * piety under Okawaru
  3038 | D:5      | Reached skill level 3 in Invocations
  3038 | D:5      | HP: 13/59 [gnoll/+0 spear[a gnoll sergeant] (3)]
  3302 | D:5      | Reached skill level 6 in Long Blades
  4014 | D:5      | Reached skill level 4 in Invocations
  4054 | D:5      | Found a runed translucent gate.
  4055 | D:5      | Found a runed translucent gate.
  4057 | D:5      | Found a runed translucent gate.
  4062 | D:5      | Noticed Borgoz's ghost (novice GrBe)
  4116 | D:5      | Reached XP level 8. HP: 21/66 MP: 11/11
  4122 | D:5      | HP: 16/66 [hound (4)]
  4124 | D:5      | Reached skill level 7 in Long Blades
  4964 | D:6      | Reached ** piety under Okawaru
  5122 | D:6      | Found Zenag's Assorted Antiques.
  5128 | D:6      | Bought a scroll labelled REZXASKA RIEM for 25 gold pieces
  5128 | D:6      | Bought a scroll labelled ZUMIMA SAPRIUMEVVE for 25 gold
                  | pieces
  5128 | D:6      | Bought a sapphire potion for 22 gold pieces
  5128 | D:6      | Bought a twitching granite ring for 125 gold pieces
  5128 | D:6      | Identified the ring "Kauwiuf" {rElec rC+ rN+ Dex-4 Stlth+}
                  | (You bought it in a shop on level 6 of the Dungeon)
  5128 | D:6      | Bought a scroll of identify for 50 gold pieces
  5147 | D:6      | Reached skill level 5 in Invocations
  5164 | D:6      | Found a basalt altar of Yredelemnul.
  5165 | D:6      | Found a sacrificial altar of Ru.
  5165 | D:6      | Found a broken altar of Ashenzari.
  5168 | D:6      | Found an ancient bone altar of Kikubaaqudgha.
  5171 | D:6      | Found a hide-covered altar of Uskayaw.
  5171 | D:6      | Found a glowing golden altar of the Shining One.
  5174 | D:6      | Found a bloodstained altar of Trog.
  5319 | D:6      | Reached skill level 8 in Long Blades
  5591 | D:7      | Reached skill level 3 in Dodging
  5889 | D:7      | Reached skill level 6 in Invocations
  5902 | D:7      | Reached XP level 9. HP: 54/68 MP: 13/13
  5961 | D:7      | Reached skill level 1 in Shields
  6001 | D:7      | Reached skill level 9 in Long Blades
  6571 | D:7      | You add the spells Gell's Gravitas, Teleport Other and
                  | Dispersal to your library.
  6746 | D:8      | Found Liuckitt's Armour Shop.
  6790 | D:8      | Reached *** piety under Okawaru
  6791 | D:8      | Reached skill level 2 in Shields
  6803 | D:8      | Reached skill level 5 in Fighting
  6913 | D:8      | Found Ziuvang's General Store.
  6921 | D:8      | Bought a scroll of teleportation for 36 gold pieces
  6921 | D:8      | Bought a potion of curing for 36 gold pieces
  6921 | D:8      | Bought a scroll of identify for 24 gold pieces
  6951 | D:8      | Found a shimmering blue altar of Sif Muna.
  7021 | D:8      | Found Ybo Kora's General Store.
  7063 | D:8      | Reached skill level 4 in Dodging
  7165 | D:8      | Noticed a manticore
  7222 | D:8      | Noticed a boulder beetle
  7234 | D:8      | Reached skill level 3 in Shields
  7246 | D:8      | HP: 17/74 [boulder beetle (16)]
  7248 | D:8      | Killed a boulder beetle
  7248 | D:8      | Reached **** piety under Okawaru
  7249 | D:8      | Reached skill level 10 in Long Blades
  7249 | D:8      | Reached skill level 7 in Invocations
  7249 | D:8      | Reached XP level 10. HP: 26/83 MP: 15/15
  7567 | D:8      | Found Foucib's Magic Scroll Shop.
  7640 | D:8      | Found a hazy altar of Hepliaklqana.
  7698 | D:8      | Killed a manticore
  7699 | D:8      | Reached skill level 6 in Fighting
  8291 | D:9      | Reached skill level 4 in Shields
  8364 | D:9      | Found a burning altar of Makhleb.
  8394 | D:9      | Noticed a green death
  8397 | D:9      | Noticed an orange demon
  8397 | D:9      | Noticed a smoke demon
  8847 | D:9      | Reached skill level 5 in Dodging
  9539 | D:10     | Entered Level 10 of the Dungeon
  9616 | D:10     | HP: 16/68 [something (7)]
  9618 | D:10     | Reached skill level 11 in Long Blades
  9914 | D:10     | HP: 18/80 [yak (12)]
  9920 | D:10     | HP: 14/80 [yak (6)]
  9924 | D:10     | Reached ***** piety under Okawaru
  9925 | D:10     | Reached skill level 7 in Fighting
  9925 | D:10     | Reached skill level 8 in Invocations
 10288 | D:10     | Reached skill level 5 in Shields
 10290 | D:10     | Reached XP level 11. HP: 66/92 MP: 17/17
 10615 | D:10     | Noticed Lodul
 10818 | D:10     | HP: 16/92 [Lodul/bolt of lightning (37)]
 11121 | D:10     | Killed Lodul
 11922 | D:11     | Noticed Maurice
 11932 | D:11     | Killed Maurice
 11932 | D:11     | Identified the +0 pair of boots of Wufuda {rPois Will++
                  | Regen+ Dex-4} (Okawaru gifted it to you on level 11 of the
                  | Dungeon)
 11932 | D:11     | Received a gift from Okawaru
 11982 | D:11     | Noticed Fannar
 12012 | D:11     | Killed Fannar
 12013 | D:11     | Reached skill level 12 in Long Blades
 12013 | D:11     | Reached skill level 6 in Dodging
 12088 | D:11     | Found a staircase to the Lair.
 12191 | D:11     | Found Kifu's Jewellery Emporium.
 13001 | D:11     | HP: 14/94 [yak (15)]
 13007 | D:11     | HP: 13/94 [something/magic dart (8)]
 13309 | D:11     | Reached skill level 8 in Fighting
 13449 | D:11     | Reached skill level 6 in Shields
 13584 | D:12     | Noticed a red ugly thing
 13599 | D:12     | HP: 12/94 [red ugly thing (16)]
 13601 | D:12     | Slain by a red ugly thing

Vanquished Creatures
  Fannar (D:11)
  A boulder beetle (D:8)
  Lodul (D:10)
  A manticore (D:8)
  Maurice (D:11)
  A cane toad (shapeshifter) (D:12)
  An unseen horror (D:10)
  A troll (D:10)
  A hornet (D:8)
  A shadow (D:9)
  A wraith (D:10)
  19 yaks
  2 steam dragons
  A basilisk (D:11)
  A vampire mosquito (D:8)
  Edmund (D:4)
  3 acid dragons
  A water moccasin (D:9)
  2 orc warriors
  3 sky beasts
  7 ogres
  4 black bears
  7 centaurs
  A phantom (D:6)
  2 kobold brigands
  3 bullfrogs
  3 gnoll sergeants
  4 scorpions
  12 wights
  2 howler monkeys
  4 hounds
  2 jellies
  3 gnoll boudas
  7 orc priests
  Terence (D:2)
  2 iguanas
  19 orc wizards
  21 gnolls
  7 adders
  3 shadow imps
  2 white imps
  2 ufetubi
  2 worms
  3 dart slugs
  38 orcs
  6 bats
  5 endoplasms
  3 giant cockroaches
  3 goblins
  10 hobgoblins
  12 kobolds
  2 quokkas
  4 ball pythons
  2 frilled lizards
  5 rats
257 creatures vanquished.

Vanquished Creatures (others)
  2 plants (D:5)
2 creatures vanquished.

Grand Total: 259 creatures vanquished

Table legend:
 A = Non-vault XP
 B = Vault XP
 C = Vault XP percentage of total XP
 D = Non-vault monster count
 E = Vault monster count
 F = Vault count percentage of total count
                 A         B        C        D         E       F
            +---------+---------+-------+---------+---------+-------
      Total |   12929 |    4744 |  26.8 |     232 |      25 |   9.7
            +---------+---------+-------+---------+---------+-------
        D:1 |      36 |       0 |   0.0 |      20 |       0 |   0.0
        D:2 |      15 |      36 |  70.6 |       7 |       1 |  12.5
        D:3 |     111 |       0 |   0.0 |      22 |       0 |   0.0
        D:4 |     120 |     166 |  58.0 |      13 |       1 |   7.1
        D:5 |     790 |     185 |  19.0 |      21 |       6 |  22.2
        D:6 |     950 |       0 |   0.0 |      17 |       0 |   0.0
        D:7 |    1159 |       0 |   0.0 |      21 |       0 |   0.0
        D:8 |    1825 |    1554 |  46.0 |      24 |       8 |  25.0
        D:9 |    1808 |     230 |  11.3 |      22 |       2 |   8.3
       D:10 |    3598 |    1228 |  25.4 |      31 |       5 |  13.9
       D:11 |    2084 |    1345 |  39.2 |      33 |       2 |   5.7
       D:12 |     433 |       0 |   0.0 |       1 |       0 |   0.0
            +---------+---------+-------+---------+---------+-------

Illustrated notes

Table legend:
 A = Kills in this place as a percentage of kills in entire the game.
 B = Kills by you in this place as a percentage of kills by you in the entire game.
 C = Kills by friends in this place as a percentage of kills by friends in the entire game.
 D = Other kills in this place as a percentage of other kills in the entire game.
 E = Experience gained in this place as a percentage of experience gained in the entire game.
 F = Experience gained in this place divided by the number of levels of this place that you have seen.
                   A       B       C       D       E      F
               +-------+-------+-------+-------+-------+----------------------
         Total | 100.0 | 100.0 |   N/A |   N/A | 100.0 | 1359.5
       Dungeon | 100.0 | 100.0 |   N/A |   N/A | 100.0 | 1472.8
               +-------+-------+-------+-------+-------+----------------------

Table legend: (Time is in decaauts)
 A = Elapsed time spent in this place.
 B = Non-inter-level travel time spent in this place.
 C = Inter-level travel time spent in this place.
 D = Time resting spent in this place.
 E = Time spent auto-exploring this place.
 F = Levels seen in this place.
 G = Mean time per level.
                   A        B        C        D        E       F      G
               +--------+--------+--------+--------+--------+-----+--------+
         Total |  13570 |  12938 |    632 |   3132 |   7765 |  13 | 1043.8 |
       Dungeon |  13332 |  12756 |    576 |   3132 |   7599 |  12 | 1111.0 |
        Temple |    238 |    183 |     55 |      0 |    166 |   1 |  238.0 |
               +--------+--------+--------+--------+--------+-----+--------+

Top non-repeatable levels by time:
    D:10: 1915 daAuts
     D:8: 1874 daAuts
    D:11: 1558 daAuts
     D:5: 1409 daAuts
     D:9: 1375 daAuts
     D:7: 1127 daAuts
     D:4: 1074 daAuts
     D:6: 826 daAuts
     D:3: 792 daAuts
     D:2: 688 daAuts
     D:1: 554 daAuts
  Temple: 238 daAuts
    D:12: 136 daAuts
